 Dungeon Crawl Stone Soup version 0.24-a0-235-g3f03afc (webtiles) character file.

Game seed: 2122288936670102387

357 TheOvate the Grave Robber (level 6, -8/45 HPs)
             Began as a Hill Orc Necromancer on Apr 7, 2019.
             Mangled by a two-headed ogre
             ... wielding a +0 giant spiked club
              (32 damage)
             ... on level 4 of the Dungeon.
             The game lasted 00:18:42 (4017 turns).

TheOvate the Grave Robber (Hill Orc Necromancer)    Turns: 4017, Time: 00:18:42

Health: -8/45      AC:  5    Str: 12    XL:     6   Next: 64%
Magic:  1/11       EV: 15    Int: 29    God:
Gold:   83         SH:  3    Dex: 10    Spells: 4/12 levels left

rFire    . . .     SeeInvis .   j - +1 flail (holy)
rCold    . . .     Gourm    .   (no shield)
rNeg     . . .     Faith    .   m - +1 robe "Soelom" {Int+4} (curse)
rPois    .         Spirit   .   (no helmet)
rElec    .         Reflect  +   u - +0 cloak
rCorr    .         Harm     .   (no gloves)
MR       .....                  b - +0 pair of boots
Stlth    ++........             o - +3 amulet of reflection
HPRegen  0.15/turn              p - +5 ring of intelligence
MPRegen  0.12/turn              s - +3 ring of evasion

@: brilliant
A: clumsy 1, MP-powered wands
a: no special abilities


You were on level 4 of the Dungeon.
You were not hungry.

You visited 1 branch of the dungeon, and saw 4 of its levels.

You collected 83 gold pieces.

Inventory:

Hand Weapons
 e - a +1 whip
 j - a +1 flail of holy wrath (weapon)
Armour
 a - a +0 robe
 b - a +0 pair of boots (worn)
 m - the cursed +1 robe "Soelom" (worn) {Int+4}
   (You found it on level 4 of the Dungeon)

   It affects your intelligence (+4).
   It has a curse placed upon it.
 u - a +0 cloak (worn)
Jewellery
 o - a +3 amulet of reflection (around neck)
 p - a +5 ring of intelligence (left hand)
 s - a +3 ring of evasion (right hand)
Wands
 g - a wand of polymorph (11)
Scrolls
 h - a scroll of teleportation
 i - a scroll of fog
 q - a scroll of remove curse
Comestibles
 c - 5 rations
 d - 6 chunks of flesh


   Skills:
 - Level 0.2 Fighting
 + Level 0.1 Maces & Flails
 - Level 1.6 Dodging
 - Level 1.8 Stealth
 + Level 3.8 Spellcasting
 + Level 5.9 Necromancy


You had 4 spell levels left.
You knew the following spells:

 Your Spells              Type           Power        Failure   Level  Hunger
a - Pain                  Necr           ####         1%          1    None
b - Animate Skeleton      Necr           N/A          1%          1    None
c - Vampiric Draining     Necr           ######....   1%          3    ##.....
d - Regeneration          Chrm/Necr      #####.....   1%          3    ##.....

Your spell library contained the following spells:

 Spells                   Type           Power        Failure   Level  Hunger
 Animate Dead             Necr           N/A          1%          4    ####...


Dungeon Overview and Level Annotations

Branches:
Dungeon (4/15)
 Temple: D:4-7

Altars:
Fedhas
Ru


Innate Abilities, Weirdness & Mutations

You are clumsy. (Dex -2)
You expend magic power (3 MP) to strengthen your wands.


Message History

Confirm with . or Enter, or press ? or * to list all spells.
Aiming: Pain (safe; 1% risk of failure)
Press: ? - help, Shift-Dir - straight line, f - ogre
Aim: an ogre, wielding a +0 giant club (chance to defeat MR: 84%)
The ogre writhes in agony.
The ogre closely misses you.
You open the door.
A two-headed ogre comes into view.
It is wielding a +0 giant spiked club and a -1 giant club.
The ogre closely misses you.
As you read the scroll of teleportation, it crumbles to dust.
You feel strangely unstable. The ogre misses you.
There is an open door here.
Your surroundings suddenly seem different.
Found 16 gold pieces, 29 stones and a trident.
You see here 29 stones.
The two-headed ogre closely misses you. x2
Found a stone staircase leading down.
The two-headed ogre hits you with a +0 giant spiked club!!
Ouch! That really hurt!
You die...

.. ....#+## #.
..#.##....)# #.
#.#..+.....# #.
##'#..#.....# #.
######..........$# #.
)....#.........(.# #.
.....#..........########
#.
)....#....O....O.......#
##
.....##'###..#..@......#
.....'O.#
#..#.........###
.....####
#..)......)....# .....#
........#######.##
.....# #........# #..#
.....# #........# ##.##
###### #......>.# #..#
########## ##.###
######...####


You could see a two-headed ogre and an ogre.

Vanquished Creatures
  An orc priest (D:4)
  2 hounds
  An orc wizard (D:4)
  2 worker ants
  4 adders (D:3)
  4 gnolls (D:3)
  An ooze (D:1)
  6 worms
  2 dart slugs (D:3)
  2 leopard geckos
  11 orcs
  4 giant cockroaches
  7 goblins
  9 hobgoblins
  4 jackals (D:1)
  8 kobolds
  2 quokkas
  5 bats
  5 frilled lizards (D:2)
  5 rats
85 creatures vanquished.

Vanquished Creatures (collateral kills)
  A kobold (D:3)
  A frilled lizard (D:2)
2 creatures vanquished.

Grand Total: 87 creatures vanquished

Notes
Turn   | Place    | Note
-------+----------+-------------------------------------------
     0 | D:1      | TheOvate the Hill Orc Necromancer began the quest for the
                  | Orb.
     0 | D:1      | Reached XP level 1. HP: 14/14 MP: 3/3
   242 | D:1      | Reached XP level 2. HP: 18/20 MP: 0/4
   663 | D:1      | Reached XP level 3. HP: 23/26 MP: 2/6
  1054 | D:2      | Learned a level 1 spell: Animate Skeleton
  1058 | D:2      | Learned a level 3 spell: Vampiric Draining
  1348 | D:2      | Reached XP level 4. HP: 26/33 MP: 0/7
  1566 | D:2      | Found a sacrificial altar of Ru.
  1950 | D:3      | Reached skill level 5 in Necromancy
  2363 | D:3      | Reached XP level 5. HP: 31/38 MP: 4/9
  2427 | D:3      | Learned a level 3 spell: Regeneration
  3438 | D:3      | Found a blossoming altar of Fedhas.
  3615 | D:3      | Reached XP level 6. HP: 35/45 MP: 2/10
  3895 | D:4      | Got a faintly glowing robe
  3906 | D:4      | Identified the cursed +1 robe "Soelom" {Int+4} (You found
                  | it on level 4 of the Dungeon)
  3971 | D:4      | Gained mutation: You are clumsy. (Dex -2) [potion of
                  | mutation]
  3971 | D:4      | Gained mutation: You expend magic power (3 MP) to
                  | strengthen your wands. [potion of mutation]
  4008 | D:4      | Noticed a two-headed ogre
  4017 | D:4      | Mangled by a two-headed ogre

Levels and vault maps discovered:
D:1:      dpeg_arrival_rooms_c, layout_basic
D:2:      minmay_diamond_boxcup, layout_basic, nicolae_ru_the_path_less_chosen,
          first_ration
D:3:      layout_basic, fedhas_altar_2
D:4:      cheibrodos_helix_gallery, layout_basic

Skill      XL: |  1  2  3  4  5 |
---------------+----------------+-----
Spellcasting   | 2 3 |  3.8
Necromancy     | 5 |  5.9
Fighting       | |  0.2
Maces & Flails | |  0.1
Dodging        | |  1.6
Stealth        | |  1.8

Action                   |  1- 3 |  4- 6 || total
-------------------------+-------+-------++-------
Melee: Whip              |    17 |    21 ||    38
       Flail             |       |    11 ||    11
 Cast: Pain              |    51 |   149 ||   200
       Animate Skeleton  |     2 |     5 ||     7
       Regeneration      |       |     1 ||     1
  Use: Scroll            |       |    10 ||    10
       Potion            |       |     7 ||     7
 Stab: Distracted        |       |     1 ||     1
  Eat: Chunk             |     2 |     5 ||     7
       Ration            |       |     1 ||     1
Armor: Robe              |     5 |    11 ||    16
       Skin              |       |    53 ||    53
Dodge: Dodged            |    30 |    73 ||   103
Block: Other             |     1 |    12 ||    13

Table legend:
 A = Non-vault XP
 B = Vault XP
 C = Vault XP percentage of total XP
 D = Non-vault monster count
 E = Vault monster count
 F = Vault count percentage of total count
                 A         B        C        D         E       F
            +---------+---------+-------+---------+---------+-------
      Total |     461 |      49 |   9.6 |      77 |      10 |  11.5
            +---------+---------+-------+---------+---------+-------
        D:1 |      44 |       0 |   0.0 |      21 |       0 |   0.0
        D:2 |      21 |      42 |  66.7 |      12 |       8 |  40.0
        D:3 |     218 |       0 |   0.0 |      34 |       0 |   0.0
        D:4 |     178 |       7 |   3.8 |      10 |       2 |  16.7
            +---------+---------+-------+---------+---------+-------
